Map: Dusk Towers

Players

FireCake

  • Race: Zerg Zerg
  • League: Master

Zanster - Winner!

  • Race: Zerg Zerg

Event: DreamHack ROCCAT LotV Championship

VOD

Have the link to the VOD?

Description

Time

  • Played on: Nov. 26, 2015, 4:21 p.m.
  • Length: 5:11

All games in this series

Show
View Real Time Build Order
Export as new Build Order

FireCake Zerg 

Build Orders: Pool First, Zergling Baneling 

Get SALT Encoding   

  12  0:01  Drone  
  13  0:08  Drone  
  14  0:17  Overlord  
  14  0:22  Extractor  
  14  0:23  Drone  
  15  0:35  Drone x2  
  17  0:44  Spawning Pool  
  17  0:47  Drone  
  17  1:06  Extractor  
  17  1:09  Hatchery  
  15  1:12  Drone  
  15  1:15  Drone  
  17  1:19  Drone  
  18  1:30  Queen  
  20  1:33  Zergling x2  
  20  1:38  Drone  
  22  1:48  Overlord  
  22  2:06  Queen  
  24  2:09  Drone  
  24  2:12  Metabolic Boost  
  25  2:16  Drone  
  26  2:28  Hatchery  
  26  2:29  Drone  
  26  2:35  Drone x2  
  28  2:44  Drone  
  28  2:45  Drone x2  
  31  2:52  Drone x3  
  34  3:00  Baneling Nest  
  34  3:03  Overlord  
  34  3:05  Drone  
  34  3:06  Drone  
  34  3:10  Zergling x2  
  36  3:15  Extractor  
  36  3:16  Drone, Extractor  
  36  3:17  Drone  
  38  3:23  Drone x3  
  38  3:24  Drone x2  
  43  3:39  Queen  
  45  3:45  Drone x5  
  50  3:49  Evolution Chamber, Extractor  
  50  3:50  Extractor  
  50  3:52  Overlord, Roach Warren  
  50  3:54  Drone  
  47  3:56  Drone  
  47  3:57  Baneling x2  
  49  4:02  Zergling x2  
  49  4:03  Zergling x2  
  50  4:13  Zergling x12  
  55  4:17  Baneling x2  
  55  4:25  Zergling x6  
  55  4:28  Baneling x2  
  56  4:37  Overlord x2  
  51  4:49  Baneling x2  
  51  4:50  Baneling x2  
Show
View Real Time Build Order
Export as new Build Order

Zanster Zerg - Winner!

Build Orders: 3 Hatch before Pool 

Get SALT Encoding   

  12  0:00  Drone  
  13  0:13  Overlord  
  13  0:18  Drone  
  14  0:32  Drone x2  
  16  0:36  Drone  
  17  0:52  Hatchery  
  17  0:55  Drone  
  17  0:59  Drone  
  18  1:19  Hatchery  
  18  1:22  Drone  
  18  1:24  Drone  
  19  1:27  Extractor  
  18  1:39  Spawning Pool  
  17  1:41  Drone  
  17  1:44  Drone  
  19  1:50  Drone  
  20  2:02  Drone  
  20  2:04  Drone  
  22  2:12  Drone  
  23  2:16  Drone  
  24  2:23  Overlord  
  24  2:28  Queen x2  
  28  2:31  Zergling x2  
  28  2:34  Metabolic Boost  
  29  2:44  Drone x3  
  31  2:45  Drone  
  31  2:50  Drone  
  34  2:56  Baneling Nest  
  33  2:58  Drone  
  33  3:02  Zergling x4  
  36  3:06  Zergling x2  
  36  3:11  Queen  
  39  3:15  Overlord  
  39  3:19  Zergling x4  
  41  3:22  Zergling x2  
  41  3:34  Zergling x2  
  41  3:35  Zergling x8  
  41  3:36  Overlord  
  41  3:40  Zergling x6  
  49  3:45  Zergling x2  
  50  3:55  Zergling x12  
  56  3:58  Overlord  
  56  4:02  Zergling x4  
  58  4:07  Baneling x2  
  58  4:08  Baneling x2  
  58  4:09  Baneling x2  
  54  4:17  Zergling x4  
  54  4:18  Zergling x8  
  61  4:24  Zergling x6  
  61  4:26  Baneling  
  61  4:29  Overlord  
  57  4:39  Roach Warren  
  57  4:40  Extractor  
  57  4:43  Drone  
  57  4:44  Drone x2  
  58  4:51  Overlord  

Tags
 
Add a new tag
Caveats
  • Supply blocks, unpowered buildings, or Contaminate may cause inaccurate times.
  • Supply counts are checked every 10 seconds.